 Dungeon Crawl Stone Soup version 0.11.0-9-gb634444 (webtiles) character file.

1367 LittleOtik the Shield-Bearer (level 8, -5/67 HPs)
             Began as a Hill Orc Fighter on Apr 5, 2013.
             Was a Believer of Nemelex Xobeh.
             Shot with an arrow by a centaur (8 damage)
             ... on Level 5 of the Dungeon on Apr 6, 2013.
             The game lasted 00:59:37 (7177 turns).

LittleOtik the Shield-Bearer (Hill Orc Fighter)     Turns: 7177, Time: 00:59:37

HP  -5/67        AC 14     Str 21      XL: 8   Next: 77%
MP   8/8         EV  4     Int  8      God: Nemelex Xobeh [**....]
Gold 138         SH 20     Dex  4      Spells:  0 memorised,  7 levels left

Res.Fire  : + . .   See Invis. : .   H - -1,+1 dwarf mace
Res.Cold  : x . .   Warding    : .   o - +2 plate armour
Life Prot.: . . .   Conserve   : .   c - +0 orc shield
Res.Poison: .       Res.Corr.  : .   (no helmet)
Res.Elec. : .       Clarity    : .   (no cloak)
Sust.Abil.: . .     Spirit.Shd : .   (no gloves)
Res.Mut.  : .       Stasis     : .   (no boots)
Res.Rott. : .       Ctrl.Telep.: .   (no amulet)
Saprovore : + . .   Levitation : .   y - cursed -6 ring of dexterity Ctrl.Flight: .
                                     A - cursed ring of fire

@: slow, slightly resistant to hostile enchantments, extremely unstealthy
A: deterioration 1, saprovore 1, slowness 1, slow metabolism 1, spit poison 1
a: Spit Poison, Draw One, Peek at Two, Renounce Religion


You were on level 5 of the Dungeon.
You worshipped Nemelex Xobeh.
Nemelex Xobeh was most pleased with you.
You were very hungry.

You visited 2 branches of the dungeon, and saw 6 of its levels.

You collected 268 gold pieces.
You spent 150 gold pieces at shops.

Inventory:

Hand weapons
 b - a +4,+2 quarterstaff of chaos
 n - a +3,+0 dwarven hand axe of electrocution
 r - a +2,+1 flail of holy wrath
 t - a +2,+0 elven trident
 E - a +0,+0 dwarven short sword
 H - a -1,+1 dwarven mace (weapon)
Missiles
 a - 12 silver sling bullets
 d - 11 poisoned needles
 f - 4 large rocks
 j - 5 curare-tipped needles
 k - 24 darts
 l - 2 javelins
 p - 7 needles of sleeping
 q - 35 arrows
 z - 8 darts of flame (quivered)
 G - 9 poisoned arrows
Armour
 c - a +0 orcish shield (worn)
 g - a +0 cloak
 o - a +2 plate armour (worn)
 x - a +1 elven scale mail
Magical devices
 m - a wand of polymorph other (6)
Scrolls
 i - a scroll of enchant weapon II
 s - a scroll of identify
 w - a scroll of blinking
 I - a scroll of amnesia {unknown}
Jewellery
 h - an uncursed ring of wizardry
 u - an uncursed ring of wizardry
 y - a cursed -6 ring of dexterity (right hand)
 A - a cursed ring of fire (left hand)
Potions
 C - a potion of paralysis


   Skills:
 + Level 4,7 Fighting
   Level 2,4 Long Blades
 + Level 2,0 Axes
 + Level 2,8 Maces & Flails
 + Level 1,4 Throwing
 + Level 6,0 Armour
 + Level 3,5 Dodging
 + Level 0,3 Stealth
 + Level 0,5 Stabbing
 + Level 6,3 Shields
 + Level 1,0 Traps & Doors
 + Level 0,7 Evocations


You had 7 spell levels left.
You didn't know any spells.

Dungeon Overview and Level Annotations

Branches:
Dungeon (5/27)             Temple (1/1) D:4

Altars:
Ashenzari
Cheibriados
Elyvilon
Kikubaaqudgha
Makhleb
Nemelex Xobeh
Okawaru
Trog
Xom
Zin
the Shining One

Shops:
D:4: * D:5: (


Innate Abilities, Weirdness & Mutations

You can tolerate rotten meat.
Your body is slowly deteriorating.
You cover ground slowly.
You have a slow metabolism.
You can spit poison.


Message History

You feel sick.
You feel better.
The centaur shouts!
The centaur wields a bow.
The centaur shoots an arrow.
You block the arrow.
The centaur shoots an arrow.
The arrow hits you!
* * * LOW HITPOINT WARNING * * *
You see here 2 arrows.
The centaur shoots an arrow.
You block the arrow.
The centaur shoots an arrow.
The arrow hits you!
* * * LOW HITPOINT WARNING * * *
There is an entrance to Kauq's Weapon Boutique here.
You see here 2 arrows.
The centaur shoots an arrow.
The arrow hits you!
* * * LOW HITPOINT WARNING * * *
The centaur shoots an arrow.
The arrow hits you!
* * * LOW HITPOINT WARNING * * *
You see here an arrow.
The centaur shoots an arrow.
The arrow hits you!
You die...
Your body disappears without a glow.

#.....#...............#
#.....#...............##
#.....#......##...........
###########.###.....#.###
#.....###.#.# #####(# .# #
#∩# .# ###(#####.#
#..@......#
............####
.####......# ##.....#
#.....# #c..### ....#
#...# ...


You could see a centaur.

Vanquished Creatures
  The ghost of StoneWall the Ducker, an experienced SpHu of Cheibriados (D:5)
  2 ogres
  A giant frog (D:3)
  A water moccasin (D:5)
  A crimson imp (D:5)
  A gnoll shaman (D:4)
  An orc priest (D:3)
  Crazy Yiuf (D:4)
  A hound (D:4)
  2 worker ants (D:4)
  An iguana (D:4)
  An orc wizard (D:3)
  Ijyb (D:3)
  Jessica (D:2)
  3 adders
  10 gnolls
  2 giant mites
  6 worms
  2 giant geckos
  2 oozes
  8 orcs
  4 bats
  5 giant cockroaches (D:2)
  9 goblins
  17 hobgoblins
  8 jackals
  A quokka (D:4)
  7 giant newts
  A hobgoblin skeleton (D:4)
  14 kobolds
  9 rats
124 creatures vanquished.

Vanquished Creatures (others)
  A goblin (D:4)
  3 toadstools (D:4)
4 creatures vanquished.

Grand Total: 128 creatures vanquished

Notes
Turn   | Place    | Note
--------------------------------------------------------------
     0 | D:1      | LittleOtik, the Hill Orc Fighter, began the quest for the Orb.
     0 | D:1      | Reached XP level 1. HP: 19/19 MP: 0/0
   114 | D:1      | Reached XP level 2. HP: 17/26 MP: 1/1
   461 | D:1      | Reached XP level 3. HP: 33/33 MP: 2/2
   946 | D:2      | Noticed Jessica
   972 | D:2      | Gained mutation: You cover ground slowly. [Jessica/wand of polymorph other]
   973 | D:2      | Gained mutation: Armour fits poorly on your strangely shaped body. [Jessica/wand of polymorph other]
   975 | D:2      | Killed Jessica
   975 | D:2      | Reached skill level 1 in Dodging
   975 | D:2      | Reached XP level 4. HP: 24/39 MP: 3/3
  1122 | D:2      | Reached skill level 1 in Axes
  1142 | D:2      | Reached skill level 4 in Shields
  1649 | D:2      | Found a sparkling altar of Nemelex Xobeh.
  1703 | D:2      | Became a worshipper of Nemelex Xobeh
  1764 | D:2      | Received a gift from Nemelex Xobeh
  2304 | D:3      | Reached XP level 5. HP: 14/46 MP: 4/4
  2503 | D:3      | Found a glowing silver altar of Zin.
  2503 | D:3      | Noticed a glowing angel
  2530 | D:3      | Noticed an ice beast
  2557 | D:3      | Acquired Nemelex Xobeh's first power
  2558 | D:3      | Noticed a rock worm
  2558 | D:3      | an ice beast changed into a rock worm
  2559 | D:3      | a rock worm changed into a giant frog
  2566 | D:3      | Reached XP level 6. HP: 13/53 MP: 5/5
  3543 | D:3      | Reached skill level 1 in Maces & Flails
  3680 | D:3      | Noticed Ijyb
  3726 | D:3      | Killed Ijyb
  4124 | D:4      | Found Quevuz's Assorted Antiques.
  4128 | D:4      | Bought a scroll of identify for 50 gold pieces
  4128 | D:4      | Bought a scroll labeled JEW THRATETENO for 25 gold pieces
  4128 | D:4      | Bought 3 scrolls labeled ASHRU PNAPAMA for 75 gold pieces
  4161 | D:4      | Noticed Crazy Yiuf
  4180 | D:4      | Gained mutation: Your mind is acute (Int +1). [potion of gain intelligence]
  4181 | D:4      | Gained mutation: You occasionally shout uncontrollably. [potion of mutation]
  4181 | D:4      | Gained mutation: Your flesh is cold resistant. [potion of mutation]
  4183 | D:4      | Lost mutation: Your flesh is cold resistant. [potion of cure mutation]
  4183 | D:4      | Lost mutation: You occasionally shout uncontrollably. [potion of cure mutation]
  4183 | D:4      | Lost mutation: Your mind is acute (Int +1). [potion of cure mutation]
  4183 | D:4      | Lost mutation: Armour fits poorly on your strangely shaped body. [potion of cure mutation]
  4186 | D:4      | Paralysed by a potion of paralysis for 6 turns
  4208 | D:4      | Killed Crazy Yiuf
  4208 | D:4      | Reached XP level 7. HP: 23/59 MP: 2/6
  4566 | D:4      | Reached skill level 1 in Throwing
  4566 | D:4      | Reached skill level 1 in Traps & Doors
  5005 | D:4      | Reached skill level 5 in Shields
  5104 | D:4      | Acquired Nemelex Xobeh's second power
  5127 | D:4      | Found a glowing golden altar of the Shining One.
  5349 | D:4      | Found a staircase to the Ecumenical Temple.
  5357 | Temple   | Entered the Ecumenical Temple
  5643 | D:4      | Gained mutation: You can spit poison. [potion of mutation]
  5643 | D:4      | Gained mutation: You have a slow metabolism. [potion of mutation]
  5643 | D:4      | Gained mutation: Your body is slowly deteriorating. [potion of mutation]
  6017 | D:4      | Reached skill level 5 in Armour
  6202 | D:5      | Entered Level 5 of the Dungeon
  6218 | D:5      | Noticed StoneWall's ghost (experienced SpHu)
  6922 | D:5      | Killed StoneWall's ghost
  6922 | D:5      | Reached skill level 6 in Shields
  6922 | D:5      | Reached XP level 8. HP: 27/67 MP: 8/8
  7083 | D:5      | Found Kauq's Weapon Boutique.
  7121 | D:5      | HP: 3/67 [poisoned by a water moccasin]
  7123 | D:5      | HP: 1/67 [poisoned by a water moccasin]
  7129 | D:5      | HP: 1/67 [poisoned by a water moccasin]
  7135 | D:5      | HP: 1/67 [poisoned by a water moccasin]
  7144 | D:5      | HP: 2/67 [poisoned by a water moccasin]
  7159 | D:5      | HP: 3/67 [poisoned by a water moccasin]
  7174 | D:5      | HP: 3/67 [poisoned by a water moccasin]
  7177 | D:5      | Shot with an arrow by a centaur
